AoeStats
← Full Random enjoyer

Arabian Desert

510138644Analyzed
1v1 RM · 4d ago on Sep 29, 2026· 69m 11s· 2 players
Game mode
Random Map
Map size
Tiny (2 player)
Population
200
Speed
Normal
Resources
Standard
Victory
Conquest
Starting age
Dark Age
Ending age
Imperial Age
RankedLock teamsTeams togetherTeam positionsShared explorationLock speedFull tech treeHidden civsTurbo modeCheats
Victory
Defeat
🇺🇸 Magyars · United States
1175
+19
🇲🇽 Huns · Mexico
1242
-19
Dozer
6:25 Loom
9:10 Feudal Age
9:58 Double-Bit Axe
16:51 Horse Collar
21:07 Castle Age
20:48 Bloodlines
21:57 Husbandry
21:22 Light Cavalry
22:37 Fletching
23:49 Bodkin Arrow
24:21 Bow Saw
25:35 Wheelbarrow
28:41 Thumb Ring
28:40 Padded Archer Armor
34:43 Imperial Age
35:00 Leather Archer Armor
42:12 Corvinian Army
43:07 Gold Mining
43:08 Stone Mining
44:32 Two-Man Saw
44:50 Ballistics
45:32 Chemistry
44:58 Conscription
45:56 Heavy Plow
46:08 Bracer
46:39 Ring Archer Armor
46:11 Town Watch
47:23 Recurve Bow
48:23 Heavy Cavalry Archer
51:35 Masonry
51:31 Scale Barding Armor
52:41 Crop Rotation
52:38 Parthian Tactics
52:24 Elite Magyar Huszar
54:43 Chain Barding Armor
56:15 Plate Barding Armor
55:37 Murder Holes
55:22 Treadmill Crane
59:37 Town Patrol
59:58 Hand Cart
61:09 Hoardings
62:40 Hussar
69:44 Siege Engineers
Full Random enjoyer
8:51 Feudal Age
8:48 Loom
9:43 Double-Bit Axe
14:49 Scale Barding Armor
15:16 Bloodlines
16:01 Horse Collar
16:46 Town Watch
22:16 Castle Age
20:43 Fletching
22:51 Padded Archer Armor
23:52 Bodkin Arrow
23:59 Husbandry
28:09 Thumb Ring
29:23 Ballistics
40:28 Imperial Age
38:57 Heavy Plow
38:50 Stone Mining
38:50 Gold Mining
40:28 Leather Archer Armor
40:50 Wheelbarrow
40:16 Town Patrol
40:45 Bow Saw
41:38 Gold Shaft Mining
41:11 Bracer
41:50 Hand Cart
43:15 Chemistry
44:01 Parthian Tactics
43:36 Heavy Cavalry Archer
46:56 Conscription
46:36 Marauders
45:56 Elite Tarkan
47:03 Chain Barding Armor
46:53 Forging
46:39 Elite Tarkan
49:17 Atheism
51:49 Plate Barding Armor
51:49 Iron Casting
56:00 Guilds
55:35 Light Cavalry
62:14 Masonry
Connection lost

Rejoining the realm…

Still unreachable

The connection could not be restored.

Session expired

The server has moved on; the page needs a fresh start.